 Dungeon Sprint DCSS version 0.29-a0-284-gf9362112df (webtiles) character file.

Game seed: 10854038692478603009

433 horus123 the Spear-Bearer (level 7, -3/67 HPs)
             Began as a Merfolk Gladiator on Mar 18, 2022.
             Was an Initiate of Vehumet.
             Slain by Sonja
             ... wielding a +1 short sword of distortion
              (5 damage)
             ... in the Dungeon (Sprint I: "Red Sonja").
             The game lasted 00:05:35 (826 turns).

horus123 the Spear-Bearer (Merfolk Gladiator)        Turns: 826, Time: 00:05:35

Health: -3/67      AC:  3    Str: 14    XL:     7   Next: 0%
Magic:  7/7        EV: 14    Int:  7    God:    Vehumet [......]
Gold:   297        SH:  0    Dex: 18    Spells: 6/6 levels left

rFire   . . .      SeeInvis .   g - +0 scythe (freeze)
rCold   . . .      Faith    .   (shield currently unavailable)
rNeg    . . .      Spirit   .   l - +0 robe {Will+}
rPois   .          Reflect  .   c - +0 helmet
rElec   .          Harm     .   (no cloak)
rCorr   .          Rampage  .   (no gloves)
Will    +....      NoTele   +   (no boots)
Stlth   ++........              (no amulet)
HPRegen 0.21/turn               (no ring)
MPRegen 0.10/turn               (no ring)

@: lethally poisoned (-3 -> -9), slowed, very slow
A: (nimble swimmer 2), mertail
a: Renounce Religion


You were in the Dungeon.
You worshipped Vehumet.
Vehumet was noncommittal.
You visited 1 branch You collected 297 gold pieces.

Inventory:

Hand Weapons
 a - a +0 trident
 g - a +0 scythe of freezing (weapon)
Missiles
 d - a throwing net (quivered)
 e - a javelin
Armour
 b - a +0 leather armour
 c - a +0 helmet (worn)
 l - a +0 robe of willpower (worn)
Wands
 j - a wand of flame (12)
Scrolls
 k - a scroll of blinking
Potions
 f - a potion of curing
 h - a potion of haste
 i - 2 potions of magic


   Skills:
 - Level 10.5 Fighting
 - Level 14.5 Polearms
 - Level 2.0 Throwing
 - Level 4.0 Dodging


You had 6 spell levels left.
You didn't know any spells.
Your spell library was empty.

Dungeon Overview and Level Annotations

Branches:
Dungeon (1/1)

Altars:
Cheibriados
Dithmenos
Elyvilon
Fedhas
Gozag
Hepliaklqana
Kikubaaqudgha
Nemelex Xobeh
Okawaru
Qazlal
Ru
Sif Muna
Trog
Uskayaw
Vehumet
Wu Jian
Yredelemnul
Zin
The Shining One

Shops:
D *

Annotations:
D Sonja


Innate Abilities, Weirdness & Mutations

((You are very nimble when in or above water. (Stealth+, EV+, Speed+++)))
Your lower body shifts to a powerful aquatic tail in water.


Message History

There is an ancient bone altar of Kikubaaqudgha here.
There is a glowing golden altar of the Shining One here.
There is an iron altar of Okawaru here.
There is a bloodstained altar of Trog here.
There is a blossoming altar of Fedhas here.
There is a stormy altar of Qazlal here.
There is an open door, spattered with blood here.
There is a radiant altar of Vehumet here.
You kneel at the altar of Vehumet.
Vehumet welcomes you!
You open the door.
Sonja, the Graceful Assassin comes into view.
She is wielding a +1 short sword of distortion, quivering curare-tipped darts and carrying a wand of digging (5).
Sonja shouts!
Sonja throws a curare-tipped dart.
The curare-tipped dart hits you.
You are poisoned.
You have difficulty breathing.
You feel yourself slow down.
Found 108 gold pieces.
Aiming: Throw Flame
Press: ? - help, Shift-Dir - straight line, f - Sonja
Aim: Sonja, wielding a +1 short sword of distortion, quivering curare-tipped darts and carrying a wand of digging (5) (25% to hit)
The puff of flame misses Sonja.
You feel very sick.
You completely miss Sonja.
You feel very sick.
Sonja hits you with a +1 short sword of distortion!
Space warps horribly around you!!
* * * LOW HITPOINT WARNING * * *
Sonja closely misses you.
Sonja hits you with a +1 short sword of distortion.
* * * LOW HITPOINT WARNING * * *
Space warps around you.
* * * LOW HITPOINT WARNING * * *
Sonja hits you with a +1 short sword of distortion.
* * * LOW HITPOINT WARNING * * *
Space warps around you.
* * * LOW HITPOINT WARNING * * *
Sonja hits you with a +1 short sword of distortion.
* * * LOW HITPOINT WARNING * * *
Space warps around you.
You die...

################
#<.#..)..#..'..#
#.)'÷.#..'..#..+
#..#####'#####'#
#..####..#...#.#
#..#__####..##(#
#..#_____##'#_.+
#⌠⌠#_.∩...'..._#
####_..__##_@#+#
#_____###K#
####### #.# $.$
$.$ ##.## #+#


You could see Sonja.

Vanquished Creatures
  Sigmund (D)
  A yak (D)
  An ogre (D)
  A jelly (D)
  Ijyb (D)
5 creatures vanquished.

Notes
Turn   | Place    | Note
-------+----------+-------------------------------------------
     0 | D        | horus123 the Merfolk Gladiator began the quest for the Orb.
     0 | D        | Reached XP level 1. HP: 16/16 MP: 1/1
     2 | D        | Noticed Ijyb
    18 | D        | Killed Ijyb
    19 | D        | Reached XP level 2. HP: 23/29 MP: 2/2
    19 | D        | Reached XP level 3. HP: 28/35 MP: 3/3
   164 | D        | Noticed an ogre
   173 | D        | Killed an ogre
   174 | D        | Reached skill level 10 in Polearms
   174 | D        | Reached XP level 4. HP: 29/41 MP: 4/4
   278 | D        | Noticed Sigmund
   306 | D        | Killed Sigmund
   307 | D        | Reached skill level 14 in Polearms
   307 | D        | Reached XP level 5. HP: 12/47 MP: 5/5
   307 | D        | Reached XP level 6. HP: 14/53 MP: 6/6
   560 | D        | Found an ornate altar of the Wu Jian Council.
   560 | D        | Found a shimmering blue altar of Sif Muna.
   562 | D        | Found a radiant altar of Vehumet.
   589 | D        | Found Wimerch's General Store.
   589 | D        | Found an ancient bone altar of Kikubaaqudgha.
   589 | D        | Found a hazy altar of Hepliaklqana.
   589 | D        | Found a stormy altar of Qazlal.
   589 | D        | Found a hide-covered altar of Uskayaw.
   589 | D        | Found a blossoming altar of Fedhas.
   589 | D        | Found a bloodstained altar of Trog.
   589 | D        | Found an iron altar of Okawaru.
   589 | D        | Found a basalt altar of Yredelemnul.
   589 | D        | Found a glowing golden altar of the Shining One.
   589 | D        | Found a snail-covered altar of Cheibriados.
   589 | D        | Found a sacrificial altar of Ru.
   589 | D        | Found a glowing silver altar of Zin.
   589 | D        | Found a shadowy altar of Dithmenos.
   589 | D        | Found a white marble altar of Elyvilon.
   589 | D        | Noticed a yak
   602 | D        | Killed a yak
   603 | D        | Reached skill level 10 in Fighting
   603 | D        | Reached XP level 7. HP: 27/67 MP: 7/7
   603 | D        | Found an opulent altar of Gozag.
   604 | D        | Found a sparkling altar of Nemelex Xobeh.
   822 | D        | Became a worshipper of Vehumet
   824 | D        | Noticed Sonja
   826 | D        | HP: 3/67 [Sonja/+1 short sword of distortion (1)]
   826 | D        | Slain by Sonja

Illustrated notes

Levels and vault maps discovered:
D:        dungeon_sprint_1 [red_sonja_temple_1, red_sonja_temple_small_1]

Skill      XL: |  1  2  3  4  5  6 |
---------------+-------------------+-----
Fighting       | 6 10 | 10.5
Polearms       | 10 14 | 14.5
Throwing       | |  2.0
Dodging        | |  4.0

Action                   |  1- 3 |  4- 6 |  7- 9 || total
-------------------------+-------+-------+-------++-------
Melee: Trident           |    17 |     9 |       ||    26
       Scythe            |       |    13 |     1 ||    14
Throw: Throwing net      |     2 |       |       ||     2
Evoke: Wand              |     4 |     3 |     1 ||     8
  Use: Potion            |     1 |     2 |       ||     3
 Stab: Held in net/web   |     1 |       |       ||     1
Armor: Leather armour    |     1 |     4 |       ||     5
Dodge: Dodged            |     3 |     7 |     1 ||    11

Table legend: (Time is in decaauts)
 A = Elapsed time spent in this place.
 B = Non-inter-level travel time spent in this place.
 C = Inter-level travel time spent in this place.
 D = Time resting spent in this place.
 E = Time spent auto-exploring this place.
 F = Levels seen in this place.
 G = Mean time per level.
                   A        B        C        D        E       F      G
               +--------+--------+--------+--------+--------+-----+--------+
         Total |    836 |    836 |      0 |    649 |      0 |   1 |  836.0 |
       Dungeon |    836 |    836 |      0 |    649 |      0 |   1 |  836.0 |
               +--------+--------+--------+--------+--------+-----+--------+

Top non-repeatable levels by time:
       D: 836 daAuts
